 Dungeon Crawl Stone Soup version 0.23-a0-446-g036aa52 (webtiles) character file.

17 Dfrag the Firebug (level 2, 19/19 HPs)
             Began as a Demonspawn Fire Elementalist on Nov 18, 2018.
             Quit the game on level 1 of the Dungeon.
             The game lasted 00:00:38 (365 turns).

Dfrag the Firebug (Demonspawn Fire Elementalist)     Turns: 365, Time: 00:00:38

Health: 19/19      AC:  2    Str:  8    XL:     2   Next: 44%
Magic:  0/5        EV: 12    Int: 16    God:
Gold:   39         SH:  0    Dex: 13    Spells: 4/5 levels left

rFire    . . .     SeeInvis .   (no weapon)
rCold    . . .     Gourm    .   (no shield)
rNeg     . . .     Faith    .   a - +0 robe
rPois    .         Spirit   .   (no helmet)
rElec    .         Reflect  .   (no cloak)
rCorr    .         Harm     .   (no gloves)
MR       .....                  (no boots)
Stlth    ++........             (no amulet)
HPRegen  0.06/turn              (no ring)
MPRegen  0.09/turn              (no ring)

@: no status effects
A: sanguine armour 1
a: no special abilities


You were on level 1 of the Dungeon.
You were not hungry.

You visited 1 branch of the dungeon, and saw 1 of its levels.

You collected 39 gold pieces.

Inventory:

Armour
 a - a +0 robe (worn)
Scrolls
 d - a scroll of fog {unknown}
 e - a scroll of enchant armour {unknown}
 f - a scroll of remove curse {unknown}
Potions
 b - a potion of agility {unknown}
Comestibles
 c - 2 rations
 g - 3 chunks of flesh


   Skills:
 - Level 1.7 Dodging
 - Level 1.7 Stealth
 + Level 2.3 Spellcasting
 + Level 1.6 Conjurations
 + Level 3.0 Fire Magic


You had 4 spell levels left.
You knew the following spells:

 Your Spells              Type           Power        Failure   Level  Hunger
a - Flame Tongue          Conj/Fire      #....        8%          1    #......

Your spell library contained the following spells:

 Spells                   Type           Power        Failure   Level  Hunger
 Throw Flame              Conj/Fire      #.....       12%         2    ###....
 Conjure Flame            Conj/Fire      #.......     24%         3    ###....
 Inner Flame              Hex/Fire       #.......     32%         3    ###....
 Sticky Flame             Conj/Fire      #.......     61%         4    #####..
 Fireball                 Conj/Fire      #.........   91%         5    ######.


Dungeon Overview and Level Annotations

Branches:
Dungeon (1/15)

Altars:


Innate Abilities, Weirdness & Mutations

When seriously injured, your bleeding wounds create armour. (AC +0)


Message History

The gnoll closely misses you.
Unknown command.
Casting: Flame Tongue (safe; 9% risk of failure)
Confirm with . or Enter, or press ? or * to list all spells.
Aiming: Flame Tongue (safe; 9% risk of failure)
Press: ? - help, Shift-Dir - straight line, f/p - gnoll
Aim: a gnoll, wielding a +0 flail (severely wounded)
The flame tongue hits the gnoll.
You kill the gnoll!
Your Fire Magic skill increases to level 3!
You have reached level 2!
Your demonic ancestry asserts itself...
You feel your blood ready itself to protect you.
Things that are here:
a +0 flail; a gnoll corpse You butcher the gnoll corpse.
g - 3 chunks of flesh
Things that are here:
a +0 flail; a gnoll skeleton Are you sure you want to abandon this character and quit the game? (Confirm

.....###...##.##+### #..........
...................# ##.##>†##..
.....####.#..##....# ...........
.....##...#...+....# ###....###.#
......#......##....# ####.###.#
###+#.##.#....#....########.#....
.............#.............#.#..
##....###....#...........###.#..
#.............@##.......# #.#..
#.##.#####.....##.......###.#..
#. #.....##...........#.. .
###.....##...........†..
........##....†..####.#.
####..................#.
#..................#.
#.......)#'####.#....
#........#......#....


There were no monsters in sight!

Vanquished Creatures
  A gnoll (D:1)
  A bat (D:1)
  A giant cockroach (D:1)
  3 goblins (D:1)
  A rat (D:1)
7 creatures vanquished.

Notes
Turn   | Place    | Note
-------+----------+-------------------------------------------
     0 | D:1      | Dfrag the Demonspawn Fire Elementalist began the quest for
                  | the Orb.
     0 | D:1      | Reached XP level 1. HP: 13/13 MP: 3/3
     2 | D:1      | Noticed a centaur
     4 | D:1      | Noticed a troll
     4 | D:1      | Noticed a human
     6 | D:1      | Noticed a gargoyle
     9 | D:1      | Noticed a demonspawn
     9 | D:1      | Noticed a felid
    11 | D:1      | Noticed a tengu
    13 | D:1      | Noticed a ghoul
    13 | D:1      | Noticed a dwarf
    15 | D:1      | Noticed a vampire
    15 | D:1      | Noticed a formicid
    17 | D:1      | Noticed a vine stalker
    17 | D:1      | Noticed a merfolk
    19 | D:1      | Noticed a halfling
    19 | D:1      | Noticed an octopode
    21 | D:1      | Noticed a demigod
    21 | D:1      | Noticed an ogre
    23 | D:1      | Noticed a draconian
    23 | D:1      | Noticed an elf
    25 | D:1      | Noticed a spriggan
    27 | D:1      | Noticed a minotaur
    27 | D:1      | Noticed a naga
   359 | D:1      | Reached skill level 3 in Fire Magic
   359 | D:1      | Gained mutation: When seriously injured, your bleeding
                  | wounds create armour. (AC +0) [demonic ancestry]
   359 | D:1      | Reached XP level 2. HP: 19/19 MP: 0/5
   365 | D:1      | Quit the game

Vault maps used:
D:1:      kb_arrival_jail

Skill      XL: |  1 |
---------------+----+-----
Fire Magic     | 3 |  3.0
Dodging        | |  1.7
Stealth        | |  1.7
Spellcasting   | |  2.3
Conjurations   | |  1.6

Action                   || total
-------------------------++-------
Melee: Unarmed           ||     8
 Cast: Flame Tongue      ||    14
Armor: Robe              ||     1
Dodge: Dodged            ||     7

Table legend:
 A = Non-vault XP
 B = Vault XP
 C = Vault XP percentage of total XP
 D = Non-vault monster count
 E = Vault monster count
 F = Vault count percentage of total count
                 A         B        C        D         E       F
            +---------+---------+-------+---------+---------+-------
      Total |      25 |       0 |   0.0 |       7 |       0 |   0.0
            +---------+---------+-------+---------+---------+-------
        D:1 |      25 |       0 |   0.0 |       7 |       0 |   0.0
            +---------+---------+-------+---------+---------+-------
